 Dungeon Crawl Stone Soup version 0.26-a0-771-g060e6a62af (webtiles) character file.

Game seed: 7373989529765332130

48 RaHiT the Sneak (level 3, -1/26 HPs)
             Began as an Octopode Delver on Nov 8, 2020.
             Slain by a big kobold zombie (4 damage)
             ... in an ossuary.
             The game lasted 00:02:33 (147 turns).

RaHiT the Sneak (Octopode Delver)                    Turns: 147, Time: 00:02:34

Health: -1/26      AC:  1    Str: 11    XL:     3   Next: 72%
Magic:  3/3        EV: 14    Int: 13    God:
Gold:   27         SH:  0    Dex: 13    Spells: 2/2 levels left

rFire    . . .     SeeInvis .     - Unarmed
rCold    . . .     Faith    .   (no shield)
rNeg     . . .     Spirit   .   (helmet restricted)
rPois    .         Reflect  .   (no amulet)
rElec    .         Harm     .   (no ring)
rCorr    .         Rampage  .   (no ring)
MR       .....                  (no ring)
Stlth    ++++......             (no ring)
HPRegen  0.08/turn              (no ring)
MPRegen  0.08/turn              (no ring)
                                (no ring)
                                (no ring)

@: marked, hasted, very quick
A: almost no armour, stealthy swim, amphibious, 8 rings, constrict 8, camouflage
1, gelatinous body 1
a: no special abilities


You were in an ossuary.
You visited 1 branch of the dungeon, and saw 2 of its levels.
You also visited: Ossuary.

You collected 27 gold pieces.

Inventory:

Wands
 e - a wand of digging (3)
Scrolls
 a - a scroll of fog
 c - a scroll of fear
 f - a scroll of identify {unknown}


   Skills:
 - Level 3.0 Fighting
 + Level 3.6 Dodging
 - Level 7.0 Stealth
 - Level 2.0 Unarmed Combat


You had 2 spell levels left.
You didn't know any spells.
Your spell library was empty.

Dungeon Overview and Level Annotations

Branches:
Dungeon (5/15)            Ossuary (1/1)
 Temple: D:4-7

Altars:


Innate Abilities, Weirdness & Mutations

You cannot wear most types of armour.
You are very stealthy in the water. (Stealth+)
You are amphibious.
You can wear up to eight rings at the same time.
You can use your tentacles to constrict eight enemies at once.
Your skin changes colour to match your surroundings (Stealth+).
Your rubbery body absorbs attacks. (AC +1, EV +1)


Message History

Found a sapphire potion and a scroll labeled ZIS AFAENU.
Found a glowing inky potion and a scroll labeled XOCOTY SUHI.
Found 2 scrolls labeled WOULIEROUS.
Found 2 scrolls labeled XOCOTY SUHI.
The big kobold zombie fails to trigger a net trap.
The mummy misses you.
Found a gate leading back out of this place.
The mummy drops a net on you. A large net falls onto you!
You become entangled in the net!
The big kobold zombie enters a dispersal trap!
The big kobold zombie blinks!
The big kobold zombie enters a dispersal trap!
The mummy blinks! x3; The big kobold zombie blinks!
You blink.
A net drops to the ground!
The big kobold zombie blinks! x2; The mummy blinks! x2
The hobgoblin zombie blinks!
The hobgoblin zombie fails to trigger a net trap.
The big kobold zombie blinks!
The mummy blinks!
You blink.
The big kobold zombie blinks!
The big kobold zombie hits you.
You die...

##§.§.^##
#.......#
##M.§..##
#.§§....#
##.§Z§^##
#.....§.#
##...M.##
#§Z.....#
##@..M§##
##§§Z.§##
#?....§§#
#?....§!#
#?.....?#
#?.....?#
##.....##
##...##
##∩##


You could see 3 mummies, a hobgoblin zombie and 2 big kobold zombies.

Vanquished Creatures
  A hound (D:4)
  A big kobold zombie (Ossuary)
2 creatures vanquished.

Vanquished Creatures (others)
  6 fungi (D:4)
6 creatures vanquished.

Grand Total: 8 creatures vanquished

Notes
Turn   | Place    | Note
-------+----------+-------------------------------------------
     0 | D:5      | RaHiT the Octopode Delver began the quest for the Orb.
     0 | D:5      | Reached XP level 1. HP: 16/16 MP: 1/1
    16 | D:5      | Noticed a scorpion
    97 | D:4      | Noticed a hound
   105 | D:4      | Killed a hound
   105 | D:4      | Reached skill level 7 in Stealth
   105 | D:4      | Reached XP level 2. HP: 14/21 MP: 2/2
   105 | D:4      | Reached XP level 3. HP: 18/26 MP: 3/3
   111 | D:4      | Found a sand-covered staircase.
   114 | Ossuary  | Entered an ossuary
   147 | Ossuary  | Slain by a big kobold zombie

Illustrated notes

Levels and vault maps discovered:
D:4:      layout_loops_corners, kennysheep_mini_moat,
          lightli_ossuary_entry_decrepit_ruins, serial_aquarium,
          aquarium_bridge_square [aquarium_subvault_balcony,
          aquarium_subvault_bridge, aquarium_subvault_bridge,
          aquarium_subvault_balcony], aquarium_window_fake, aquarium_window_1,
          aquarium_window_1, aquarium_view_2a, aquarium_view_2f,
          gup_sewer_entry_pipe, minmay_misc_feat_alley
D:5:      layout_basic, temple_doors_e, nicolae_tso_swordbearing_angel,
          uniq_blork_the_orc, uniq_edmund
Ossuary:  ossuary_the_hunt_dpeg

Skill      XL: |  1 |
---------------+----+-----
Stealth        | 7 |  7.0
Dodging        | 3 |  3.6
Fighting       | |  3.0
Unarmed Combat | |  2.0

Action                   || total
-------------------------++-------
Melee: Unarmed           ||    13
       Tentacles         ||     6
       Constrict         ||     2
  Use: Scroll            ||     1
       Potion            ||     1
 Stab: Sleeping          ||     1
Dodge: Dodged            ||    14

Table legend: (Time is in decaauts)
 A = Elapsed time spent in this place.
 B = Non-inter-level travel time spent in this place.
 C = Inter-level travel time spent in this place.
 D = Time resting spent in this place.
 E = Time spent auto-exploring this place.
 F = Levels seen in this place.
 G = Mean time per level.
                   A        B        C        D        E       F      G
               +--------+--------+--------+--------+--------+-----+--------+
         Total |    139 |    139 |      0 |      0 |      0 |   3 |   46.3 |
       Dungeon |    113 |    113 |      0 |      0 |      0 |   2 |   56.5 |
       Ossuary |     26 |     26 |      0 |      0 |      0 |   1 |   26.0 |
               +--------+--------+--------+--------+--------+-----+--------+

Top non-repeatable levels by time:
     D:5: 83 daAuts
     D:4: 30 daAuts
 Ossuary: 26 daAuts
